 Dungeon Crawl Stone Soup version 0.18-a0-82-gaf82852 (webtiles) character file.

60 bluenote the Chopper (level 3, -4/30 HPs)
             Began as a Minotaur Gladiator on Nov 13, 2015.
             Slain by a gnoll
             ... wielding a +0 flail
              (9 damage)
             ... on level 2 of the Dungeon.
             The game lasted 00:03:30 (1143 turns).

bluenote the Chopper (Minotaur Gladiator)           Turns: 1143, Time: 00:03:31

Health: -4/30      AC:  6    Str: 20    XL:     3   Next: 82%
Magic:  2/2        EV: 10    Int:  5    God:
Gold:   75         SH:  0    Dex: 10    Spells: 0 memorised, 2 levels left

rFire  . . .     SeeInvis .     a - +0 war axe
rCold  . . .     Clarity  .     g - +0 scale mail
rNeg   . . .     SustAt   .     (no shield)
rPois  .         Gourm    .     c - +0 hat
rElec  .         Spirit   .     (no cloak)
rCorr  .         Warding  .     (no gloves)
rMut   .         Stasis   .     (no boots)
MR     .....                    (no amulet)
Stlth  ..........               (no ring)
                                (no ring)

@: not resistant to hostile enchantments, extremely unstealthy
A: retaliatory headbutt, horns 2
a: no special abilities


You were on level 2 of the Dungeon.
You were not hungry.

You visited 1 branch of the dungeon, and saw 2 of its levels.

You collected 75 gold pieces.

Inventory:

Hand Weapons
 a - a +0 war axe (weapon)
Missiles
 d - 4 throwing nets
 h - 74 stones
 m - 17 poisoned arrows
 o - 22 arrows of frost
 r - 17 poisoned needles
 x - 12 arrows
 A - 19 sling bullets
 C - 4 javelins (quivered)
Armour
 b - a +0 leather armour
 c - a +0 hat (worn)
 g - a +0 scale mail (worn)
 p - a cursed +0 robe
Jewellery
 k - an uncursed ring of protection from cold {unknown}
Wands
 y - a wand of teleportation (2)
Scrolls
 i - a scroll of remove curse {unknown}
 t - a scroll of immolation {unknown}
 B - a scroll of enchant weapon {unknown}
Potions
 f - 2 potions of haste {unknown}
 l - 3 potions of agility {unknown}
 q - a potion of ambrosia {unknown}
 u - a potion of heal wounds {unknown}
 v - 2 potions of magic {unknown}
 z - a potion of curing {unknown}
Comestibles
 e - a bread ration
 j - 6 fruits
 n - a meat ration
 s - 2 beef jerkies
 w - 6 chunks of flesh


   Skills:
 - Level 2.4 Fighting
 + Level 5.8 Axes
 - Level 2.0 Throwing
 - Level 3.2 Dodging


You had 2 spell levels left.
You didn't know any spells.

Dungeon Overview and Level Annotations

Branches:
Dungeon (2/15)

Altars:
Elyvilon
Kikubaaqudgha

Annotations:
D:2 crazy y, 1 exclusion


Innate Abilities, Weirdness & Mutations

You reflexively headbutt those who attack you in melee.
You have a pair of horns on your head.


Message History

You closely miss the gnoll. The gnoll barely misses you.
You hit the gnoll.
The gnoll is lightly wounded.
You barely miss the gnoll. Your headbutt misses the gnoll.
The gnoll is lightly wounded.
The gnoll closely misses you. You furiously retaliate!
You headbutt the gnoll! You hit the gnoll.
The gnoll is almost dead.
You barely miss the gnoll. The gnoll hits you with a flail.
The gnoll hits you with a halberd!
You hit the gnoll. Your headbutt misses the gnoll.
The gnoll is almost dead.
You closely miss the gnoll. The gnoll hits you with a flail.
* * * LOW HITPOINT WARNING * * *
You hit the gnoll.
You kill the gnoll!
You hit the gnoll.
The gnoll is lightly wounded.
The gnoll hits you with a flail!
You die...

#... ## ...# #.# .. #. #..# #.##
#. .## ###. #..# ##.....
......... #..###...#. #.#.. ...
#......... #.#.# ###
##.#######.####... ###.#.# #
...............)g# #.....# #
#.####.##.#####@######.#.#.#####
#.##....<..#........>......
#.##.#######.####.#.#.#####
#.##.#######.## #.....#####
#.##..........# ###.#.....#
#.#########...# #.......# #.#
#.#.# ######.## #.# #.#.# #..#
#.# #.#.######## #...


You could see a gnoll.

Vanquished Creatures
  2 gnolls (D:2)
  8 bats
  4 giant cockroaches
  5 hobgoblins
  8 jackals
  A ball python (D:1)
  2 giant newts
  2 goblins
  6 kobolds
  A rat (D:1)
39 creatures vanquished.

Notes
Turn   | Place    | Note
--------------------------------------------------------------
     0 | D:1      | bluenote the Minotaur Gladiator began the quest for the Orb.
     0 | D:1      | Reached XP level 1. HP: 18/18 MP: 0/0
   146 | D:1      | Reached skill level 4 in Axes
   214 | D:1      | Reached XP level 2. HP: 20/25 MP: 1/1
   825 | D:2      | Reached skill level 5 in Axes
   834 | D:2      | Reached XP level 3. HP: 22/30 MP: 2/2
   956 | D:2      | Found a white marble altar of Elyvilon.
   962 | D:2      | Found an ancient bone altar of Kikubaaqudgha.
  1143 | D:2      | Slain by a gnoll

Vault maps used:
D:1:      dpeg_arrival_water_temple_mockup, roderic_serpentine_path
D:2:      minmay_kobold_bridge, overflow_temple_1_default,
          grunt_temple_overflow_open, uniq_crazy_yiuf_cottage

Action                   || total
-------------------------++-------
Melee: War axe           ||    75
  Eat: Chunk             ||     1
